 Dungeon Crawl Stone Soup version 0.29.1-2-gbd0b4ee654 (webtiles) character file.

Game seed: 1266178016798177510

66 GorkyZ the Chopper (level 4, 0/34 HPs)
             Began as a Formicid Gladiator on Nov 21, 2022.
             Slain by a goblin
             ... wielding a +0 club
             ... led by Robin
              (3 damage)
             ... on level 2 of the Dungeon.
             The game lasted 00:05:05 (1675 turns).

GorkyZ the Chopper (Formicid Gladiator)             Turns: 1675, Time: 00:05:07

Health: 0/34       AC:  7    Str: 21    XL:     4   Next: 37%
Magic:  0/4        EV: 12    Int:  7    God:
Gold:   31         SH:  0    Dex: 15    Spells: 3/3 levels left

rFire   . . .      SeeInvis +   a - +0 war axe
rCold   . . .      Faith    .   (no shield)
rNeg    . . .      Spirit   .   h - +0 ring mail
rPois   .          Reflect  .   (helmet unavailable)
rElec   .          Harm     .   (no cloak)
rCorr   .          Rampage  .   j - +1 pair of gloves {infuse}
Will    .....                   (no boots)
Stlth   +.........              (no amulet)
HPRegen 0.11/turn               (no ring)
MPRegen 0.09/turn               (no ring)

@: no status effects
A: permanent stasis, dig shafts and tunnels, antennae 3, four strong arms
a: Dig, Shaft Self


You were on level 2 of the Dungeon.
You visited 1 branch of the dungeon, and saw 2 of its levels.

You collected 59 gold pieces.
You spent 28 gold pieces at shops.

Inventory:

Hand Weapons
 a - a +0 war axe (weapon)
Missiles
 c - 3 throwing nets (quivered)
 d - a javelin
 i - 5 poisoned darts
Armour
 b - a +0 leather armour
 h - a +0 ring mail (worn)
 j - a +1 pair of gloves of infusion (worn)
Scrolls
 e - a scroll of enchant armour {unknown}
 f - a scroll of summoning {unknown}
 g - a scroll of torment {unknown}
 l - a scroll of blinking {unknown}
Potions
 k - a potion of might {unknown}


   Skills:
 + Level 2.5 Fighting
 * Level 3.6 Axes
 + Level 2.4 Throwing
 + Level 1.0 Armour
 + Level 2.9 Dodging
 + Level 1.1 Shields
 + Level 1.1 Evocations


You had 3 spell levels left.
You didn't know any spells.
Your spell library contained the following spells:

 Spells                   Type           Power      Damage    Failure   Level
 Portal Projectile        Hex/Tloc       0%         N/A       93%         3
 Tukima's Dance           Hex            0%         N/A       93%         3
 Blade Hands              Tmut           0%         N/A       100%        5


Dungeon Overview and Level Annotations

Branches:
Dungeon (2/15)

Altars:

Shops:
D:1 (

Annotations:
D:2 Robin


Innate Abilities, Weirdness & Mutations

You cannot be hasted, slowed, berserked, paralysed or teleported.
You can dig through walls and to a lower floor.
You have a pair of large antennae on your head. (SInv)
Your four strong arms can wield two-handed weapons with a shield.


Message History

The hobgoblin hits you but does no damage.
Robin barely misses you. The goblin hits you with a +0 club.
The goblin unwields a +0 sling.
The goblin wields a +0 dagger.
The goblin barely misses you. The bat barely misses you.
You hit the hobgoblin.
You kill the hobgoblin!
You closely miss the rat. You hit the goblin.
You kill the goblin!
You closely miss the bat. You slash the goblin!
You kill the goblin!
The bat hits you. Robin closely misses you.
A goblin comes into view. It is wielding a +0 club.
The rat barely misses you. The goblin hits you with a +0 club.
* * * LOW HITPOINT WARNING * * *
The rat closely misses you.
Robin hits you from afar with a +0 trident.
* * * LOW HITPOINT WARNING * * *
The goblin closely misses you.
Your Armour skill increases to level 1!
You slash the goblin!
You kill the goblin!
You hit the bat.
You kill the bat!
You hit the goblin. You closely miss the rat. The rat completely misses you.
The goblin closely misses you. Robin throws the goblin at you!
You barely miss the goblin. You hit the rat.
You kill the rat!
You hit the goblin. You slash the goblin!
You kill the goblin!
You slash the hobgoblin!
You kill the hobgoblin!
The goblin barely misses you. Robin throws the goblin at you!
The goblin closely misses you.
You slash the goblin!
You kill the goblin!
You closely miss the goblin. The goblin hits you with a +0 club.
* * * LOW HITPOINT WARNING * * *
Robin throws the goblin at you! The goblin barely misses you.
Robin closely misses you. The goblin hits you with a +0 club.
You die...

#...............#
#........######.#
####.###.# #.# #.#
#.######.## . #.#
#...#.....### #.. #.#
###...♣.♣...#...♣ #.#
#...≈.....≈...≈..
#.#...♣....≈.gg.♣....
#.#.≈...≈...)@≈...≈..
..........♣.♣)).....♣
#.##.♣.♣....g..♣.♣...
# #.....≈...≈.....≈.
##.≈....♣....≈....
....≈...≈.....≈. .♣..
....♣.♣... ..
♣.♣.......


You could see Robin and 2 goblins.

Vanquished Creatures
  An adder (D:2)
  A worm (D:2)
  A dart slug (D:1)
  3 endoplasms
  2 giant cockroaches (D:2)
  12 goblins
  5 hobgoblins
  6 jackals
  A kobold (D:2)
  A quokka (D:1)
  5 ball pythons
  2 bats
  2 frilled lizards
  5 rats
47 creatures vanquished.

Notes
Turn   | Place    | Note
-------+----------+-------------------------------------------
     0 | D:1      | GorkyZ the Formicid Gladiator began the quest for the Orb.
     0 | D:1      | Reached XP level 1. HP: 16/16 MP: 1/1
   365 | D:1      | Reached XP level 2. HP: 18/22 MP: 2/2
   416 | D:1      | Found Ymnil's Weapon Boutique.
   506 | D:1      | Found a faded altar of an unknown god.
   554 | D:1      | Bought 5 poisoned darts for 28 gold pieces
   703 | D:1      | Reached XP level 3. HP: 25/28 MP: 3/3
  1099 | D:2      | Reached skill level 1 in Shields
  1657 | D:2      | Reached skill level 1 in Evocations
  1657 | D:2      | Reached XP level 4. HP: 31/34 MP: 1/4
  1665 | D:2      | Noticed Robin
  1673 | D:2      | Reached skill level 1 in Armour
  1675 | D:2      | Slain by a goblin

Illustrated notes

Levels and vault maps discovered:
D:1:      kennysheep_arrival_forest, layout_loops_ring,
          hellmonk_ecumenical_altar_zigzags, serial_shops,
          nicolae_shop_bloodbath_and_beyond
D:2:      layout_loops_ring, nicolae_kite_square_tiling_tiny, uniq_robin

Skill      XL: |  1  2  3  4 |
---------------+-------------+-----
Shields        | 1 |  1.1
Evocations     | 1 |  1.1
Armour         | 1 |  1.0
Fighting       | |  2.5
Axes           | |  3.6
Throwing       | |  2.4
Dodging        | |  2.9

Action                   |  1- 3 |  4- 6 || total
-------------------------+-------+-------++-------
Melee: War axe           |    69 |    19 ||    88
Armor: Leather armour    |     1 |       ||     1
       Ring mail         |    23 |    20 ||    43
Dodge: Dodged            |    53 |    34 ||    87
